 Dungeon Crawl Stone Soup version 0.19-b1-5-gdc9fa9d (webtiles) character file.

52 Kullungy the Skirmisher (level 3, -2/33 HPs)
             Began as a Draconian Abyssal Knight on Oct 31, 2016.
             Was a Follower of Lugonu.
             Slain by a hobgoblin (4 damage)
             ... on level 2 of the Dungeon.
             The game lasted 00:06:13 (1053 turns).

Kullungy the Skirmisher (Draconian Abyssal Knight)  Turns: 1053, Time: 00:06:14

Health: -2/33      AC:  5    Str: 15    XL:     3   Next: 60%
Magic:  4/4        EV: 12    Int: 12    God:    Lugonu [*.....]
Gold:   29         SH:  0    Dex: 10    Spells: 0 memorised, 2 levels left

rFire  . . .     SeeInvis .     p - -1 hunting sling (curse)
rCold  . . .     Gourm    .     (armour unavailable)
rNeg   . . .     Faith    .     (no shield)
rPois  .         Spirit   .     (helmet restricted)
rElec  .         Reflect  .     (no cloak)
rCorr  .         Harm     .     (no gloves)
MR     .....                    (no boots)
Stlth  +.........               (no amulet)
                                (no ring)
                                (no ring)

@: lethally poisoned (-2 -> -8)
A: unfitting armour, cold-blooded, AC +5
a: Depart the Abyss, Renounce Religion


You were on level 2 of the Dungeon.
You worshipped Lugonu.
Lugonu was aware of your devotion.
You were not hungry.

You visited 1 branch of the dungeon, and saw 2 of its levels.
You visited the Abyss 1 time.

You collected 29 gold pieces.

Inventory:

Hand Weapons
 a - a +1 hand axe
 g - a +0 dagger
 m - a +0 club
 p - a cursed -1 hunting sling (weapon)
Missiles
 h - 25 arrows
 k - 16 stones (quivered)
Armour
 c - a +1 leather armour
 i - a +0 leather armour
Wands
 f - a wand of heal wounds (3/9)
Scrolls
 l - 2 scrolls of enchant weapon
 q - a scroll of remove curse {unknown}
Potions
 e - a potion of heal wounds
 j - 2 potions of agility {unknown}
 o - a potion of curing {unknown}
Comestibles
 b - a bread ration
 d - 2 chunks of flesh
 n - 3 fruits


   Skills:
 + Level 4.2 Fighting
 + Level 2.4 Axes
 + Level 1.0 Slings
 + Level 2.3 Dodging
 + Level 0.2 Stealth
 + Level 2.1 Invocations


You had 2 spell levels left.
You didn't know any spells.

Dungeon Overview and Level Annotations

Branches:
Dungeon (2/15)

Altars:
Xom
The Shining One


Innate Abilities, Weirdness & Mutations

Your plain brown scales are hard. (AC +5)
You cannot fit into any form of body armour.
You are cold-blooded and may be slowed by cold attacks.


Message History

You are too injured to fight recklessly!
You clumsily bash the hobgoblin but do no damage.
* * * LOW HITPOINT WARNING * * *
You feel sick. The adder bites you but does no damage.
The hobgoblin barely misses you. The adder bites you.
* * * LOW HITPOINT WARNING * * *
You barely miss the hobgoblin.
* * * LOW HITPOINT WARNING * * *
You feel sick. The adder barely misses you.
The hobgoblin hits you but does no damage.
The adder barely misses you. The hobgoblin misses you.
You closely miss the hobgoblin.
Your tail-slap misses the hobgoblin.
* * * LOW HITPOINT WARNING * * *
You feel sick. The adder closely misses you.
The hobgoblin hits you but does no damage.
The adder misses you.
You clumsily bash the hobgoblin but do no damage.
* * * LOW HITPOINT WARNING * * *
You feel sick. The adder closely misses you. The hobgoblin hits you.
You die...

.. #.## #. ### #..# ##. #
#.. ..# #..
#.######.####.#####..##
......(..#.......# ...####
#........#.##.##.# #.##..
#.......S#.#...#.####..#.♣
#.......g@..._...........♣
........##.#...#.#.......♣
...).#####.##.##.#.#.....♣
.... #.......#.####..# ...
####.####....##.# #.
#.........##.# #
......####...##.. ......
#.÷...#. #... #...#.#.


You could see an adder and a hobgoblin.

Vanquished Creatures
  Ijyb (D:2)
  An adder (D:2)
  2 bats (D:1)
  2 goblins
  3 hobgoblins (D:1)
  3 jackals (D:1)
  A kobold (D:1)
  A ball python (D:1)
  A frilled lizard (D:1)
  A rat (D:1)
16 creatures vanquished.

Notes
Turn   | Place    | Note
-------+----------+-------------------------------------------
     0 | Abyss:1  | Kullungy the Draconian Abyssal Knight began the quest for the Orb.
     0 | Abyss:1  | Reached XP level 1. HP: 19/19 MP: 2/2
     0 | D:1      | Escaped the Abyss
   126 | D:1      | Reached * piety under Lugonu
   213 | D:1      | Reached XP level 2. HP: 25/27 MP: 3/3
   915 | D:2      | Noticed Ijyb
   922 | D:2      | Reached skill level 4 in Fighting
   952 | D:2      | Killed Ijyb
   952 | D:2      | Reached skill level 1 in Slings
   952 | D:2      | Reached XP level 3. HP: 25/33 MP: 4/4
   978 | D:2      | Found a shimmering altar of Xom.
  1009 | D:2      | Found a glowing golden altar of the Shining One.
  1053 | D:2      | Slain by a hobgoblin

Skill      XL: |  1  2 |
---------------+-------+-----
Fighting       | 4 |  4.2
Slings         | 1 |  1.0
Axes           | |  2.4
Dodging        | |  2.3
Stealth        | |  0.2
Invocations    | |  2.1

Action                   || total
-------------------------++-------
Melee: Hand axe          ||    35
       Tailslap          ||     1
       Hunting sling     ||     5
 Fire: Hunting sling     ||    41
Invok: Depart the Abyss  ||     1
  Use: Scroll            ||     3
       Potion            ||     1
Armor: Skin              ||    32
Dodge: Dodged            ||    62
